| TOP OF THE 1ST |
|
Kelowna Heat batting - Pitching for Victoria Capitals : LHP Kevin Roberts
|
|
Pitching: LHP Kevin Roberts
|
|
|
Batting: RHB Ryan Bentz
|
0-0: Called Strike 0-1: Ball 1-1: SINGLE (Line Drive, 8RS, EV 89.4 MPH)
|
|
Batting: RHB Sadataka Kuwahara
|
0-0: Ball Ryan Bentz is caught stealing 2nd base 2-4 1-0: Ball 2-0: DOUBLE (Flyball, 8RXD, EV 94.4 MPH)
|
|
Batting: LHB Kevin Kantor
|
0-0: Foul Ball, location: 2F 0-1: Foul Ball, location: 2F 0-2: TRIPLE (Flyball, 9LD, EV 88.1 MPH) Sadataka Kuwahara scores
|
|
Batting: LHB J.P. Olson
|
0-0: Ball 1-0: Called Strike 1-1: Called Strike 1-2: Ball 2-2: Ball 3-2: Base on Balls
|
|
Batting: LHB Steve Nevis
|
0-0: Called Strike 0-1: Foul Ball, location: 2F 0-2: Foul Ball, location: 2F 0-2: Ball 1-2: Ball 2-2: Foul Ball, location: 2F 2-2: SINGLE (Groundball, 23, EV 65.6 MPH) (infield hit) J.P. Olson to second
|
|
Batting: RHB Billy Pranger
|
0-0: Called Strike 0-1: Called Strike 0-2: Foul Ball, location: 2F 0-2: Strikes out looking
|
|
Batting: LHB Takaaki Nishimoto
|
0-0: Called Strike 0-1: Foul Ball, location: 2F 0-2: Ground out 4-3 (Groundball, 4, EV 105.0 MPH)
|
| Top of the 1st over - 1 run, 4 hits, 0 errors, 3 left on base; Kelowna 1 - Victoria 0 |
| BOTTOM OF THE 1ST |
|
Victoria Capitals batting - Pitching for Kelowna Heat : RHP Pat Wiggins
|
|
Pitching: RHP Pat Wiggins
|
|
|
Batting: RHB Heihachiro Fujita
|
0-0: Called Strike 0-1: Ball 1-1: Foul Ball, location: 2F 1-2: Foul Ball, location: 2F 1-2: Ball 2-2: SINGLE (Groundball, 4S, EV 67.5 MPH) (infield hit)
|
|
Batting: RHB Tomokazu Sugimoto
|
0-0: Ball 1-0: Called Strike 1-1: Ball 2-1: Foul Ball, location: 2F 2-2: Ground out 4-3 (Groundball, 4, EV 85.0 MPH) Heihachiro Fujita to second
|
|
Batting: RHB Victor Rosas
|
0-0: Ball 1-0: Ground out 5-3 (Groundball, 56S, EV 84.4 MPH)
|
|
Batting: LHB Taki Matsui
|
0-0: Called Strike 0-1: Foul Ball, location: 2F 0-2: 2-RUN HOME RUN (Flyball, 78XD, EV 102.5 MPH), Distance : 390 ft
|
|
Batting: SHB Carlos Luna
|
0-0: Called Strike 0-1: Ball 1-1: Ground out 4-3 (Groundball, 4M, EV 98.1 MPH)
|
| Bottom of the 1st over - 2 runs, 2 hits, 0 errors, 0 left on base; Kelowna 1 - Victoria 2 |
| TOP OF THE 2ND |
|
Kelowna Heat batting - Pitching for Victoria Capitals : LHP Kevin Roberts
|
|
Batting: RHB Miguel Gonzalez
|
0-0: Called Strike 0-1: Foul Ball, location: 2F 0-2: Foul Ball, location: 2F 0-2: Foul Ball, location: 2F 0-2: Ground out 4-3 (Groundball, 4, EV 88.1 MPH)
|
|
Batting: RHB Dave Putnam
|
0-0: Called Strike 0-1: Swinging Strike 0-2: Foul Ball, location: 2F 0-2: Ball 1-2: Ball 2-2: DOUBLE (Flyball, 78D, EV 90.0 MPH)
|
|
Batting: RHB Ryan Bentz
|
0-0: Swinging Strike 0-1: Ball 1-1: Called Strike 1-2: Strikes out looking
|
|
Batting: RHB Sadataka Kuwahara
|
0-0: Ground out 5-3 (Groundball, 56S, EV 80.6 MPH)
|
| Top of the 2nd over - 0 runs, 1 hit, 0 errors, 1 left on base; Kelowna 1 - Victoria 2 |
| BOTTOM OF THE 2ND |
|
Victoria Capitals batting - Pitching for Kelowna Heat : RHP Pat Wiggins
|
|
Batting: RHB Nick Edmunds
|
0-0: Ball 1-0: Ball 2-0: TRIPLE (Flyball, 89XD, EV 106.3 MPH)
|
|
Batting: SHB Ray Skogen
|
0-0: Called Strike 0-1: Foul Ball, location: 2F 0-2: Hit by Pitch
|
|
Batting: RHB David Greene
|
0-0: Ball Ray Skogen steals 2nd base 1-0: Ball 2-0: Foul Ball, location: 2F 2-1: Ball 3-1: Foul Ball, location: 2F 3-2: Base on Balls
|
|
Batting: RHB Jesus Santiago
|
0-0: Foul Ball, location: 2F 0-1: Ground out 4-3 (Groundball, 4S, EV 68.8 MPH) Nick Edmunds scores Ray Skogen to third David Greene to second
|
|
Batting: RHB Heihachiro Fujita
|
0-0: Called Strike 0-1: Ball Passed Ball! Ray Skogen scores David Greene to third 1-1: Called Strike 1-2: Foul Ball, location: 2F 1-2: Foul Ball, location: 2F 1-2: Ball 2-2: Strikes out looking
|
|
Batting: RHB Tomokazu Sugimoto
|
0-0: Ball 1-0: Ball 2-0: Swinging Strike Passed Ball! David Greene scores 2-1: Ball 3-1: Foul Ball, location: 2F 3-2: Base on Balls
|
|
Batting: RHB Victor Rosas
|
0-0: Ball Tomokazu Sugimoto is caught stealing 2nd base 2-4
|
| Bottom of the 2nd over - 3 runs, 1 hit, 0 errors, 0 left on base; Kelowna 1 - Victoria 5 |
| TOP OF THE 3RD |
|
Kelowna Heat batting - Pitching for Victoria Capitals : LHP Kevin Roberts
|
|
Batting: LHB Kevin Kantor
|
0-0: Swinging Strike 0-1: Swinging Strike 0-2: Ball 1-2: Foul Ball, location: 2F 1-2: Ground out 6-3 (Groundball, 56, EV 82.5 MPH)
|
|
Batting: LHB J.P. Olson
|
0-0: Called Strike 0-1: Fly out, F7 (Flyball, 7LS, EV 81.3 MPH)
|
|
Batting: LHB Steve Nevis
|
0-0: Ball 1-0: Ball 2-0: Ball 3-0: Called Strike 3-1: Base on Balls
|
|
Batting: RHB Billy Pranger
|
0-0: Ball 1-0: Called Strike 1-1: Called Strike 1-2: Ball 2-2: Ball 3-2: Fly out, F8 (Flyball, 8LD, EV 106.9 MPH)
|
| Top of the 3rd over - 0 runs, 0 hits, 0 errors, 1 left on base; Kelowna 1 - Victoria 5 |
| BOTTOM OF THE 3RD |
|
Victoria Capitals batting - Pitching for Kelowna Heat : RHP Pat Wiggins
|
|
Batting: RHB Victor Rosas
|
0-0: Called Strike 0-1: Ground out 6-3 (Groundball, 6, EV 89.4 MPH)
|
|
Batting: LHB Taki Matsui
|
0-0: Called Strike 0-1: Swinging Strike 0-2: Ball 1-2: Strikes out swinging
|
|
Batting: SHB Carlos Luna
|
0-0: DOUBLE (Flyball, 8RXD, EV 98.1 MPH)
|
|
Batting: RHB Nick Edmunds
|
0-0: Ball 1-0: Swinging Strike Passed Ball! Carlos Luna to third 1-1: Ground out 6-3 (Groundball, 6, EV 107.5 MPH)
|
| Bottom of the 3rd over - 0 runs, 1 hit, 0 errors, 1 left on base; Kelowna 1 - Victoria 5 |
| TOP OF THE 4TH |
|
Kelowna Heat batting - Pitching for Victoria Capitals : LHP Kevin Roberts
|
|
Batting: LHB Takaaki Nishimoto
|
0-0: Ball 1-0: Ball 2-0: Called Strike 2-1: Fly out, F4 (Popup, 4, EV 66.9 MPH)
|
|
Batting: RHB Miguel Gonzalez
|
0-0: Called Strike 0-1: Fly out, F3 (Popup, 23F, EV 94.4 MPH)
|
|
Batting: RHB Dave Putnam
|
0-0: Foul Ball, location: 2F 0-1: Ball 1-1: Foul Ball, location: 2F 1-2: Ball 2-2: Foul Ball, location: 2F 2-2: Ball 3-2: SOLO HOME RUN (Flyball, 7LD, EV 95.0 MPH), Distance : 344 ft
|
|
Batting: RHB Ryan Bentz
|
0-0: Ball 1-0: Swinging Strike 1-1: Foul Ball, location: 2F 1-2: Strikes out looking
|
| Top of the 4th over - 1 run, 1 hit, 0 errors, 0 left on base; Kelowna 2 - Victoria 5 |
| BOTTOM OF THE 4TH |
|
Victoria Capitals batting - Pitching for Kelowna Heat : RHP Pat Wiggins
|
|
Batting: SHB Ray Skogen
|
0-0: Swinging Strike 0-1: Ball 1-1: Foul Ball, location: 2F 1-2: Ball 2-2: Foul Ball, location: 2F 2-2: Fly out, F5 (Flyball, 5D, EV 88.1 MPH)
|
|
Batting: RHB David Greene
|
0-0: Ball 1-0: Swinging Strike 1-1: Swinging Strike 1-2: Ball 2-2: SINGLE (Groundball, 5S, EV 70.0 MPH) (infield hit)
|
|
Batting: RHB Jesus Santiago
|
0-0: Ball 1-0: Called Strike 1-1: Grounds into double play, 5-4-3 (Groundball, 56, EV 91.9 MPH)
|
| Bottom of the 4th over - 0 runs, 1 hit, 0 errors, 0 left on base; Kelowna 2 - Victoria 5 |
| TOP OF THE 5TH |
|
Kelowna Heat batting - Pitching for Victoria Capitals : LHP Kevin Roberts
|
|
Pitching: RHP Jose Acevedo
|
|
|
Batting: RHB Sadataka Kuwahara
|
0-0: Swinging Strike 0-1: Called Strike 0-2: Foul Ball, location: 2F 0-2: Strikes out swinging
|
|
Batting: LHB Kevin Kantor
|
0-0: Ball 1-0: Called Strike 1-1: DOUBLE (Flyball, 9LD, EV 104.4 MPH)
|
|
Batting: LHB J.P. Olson
|
0-0: Called Strike 0-1: Ball 1-1: Foul Ball, location: 2F 1-2: Ball 2-2: Foul Ball, location: 2F 2-2: Strikes out swinging
|
|
Batting: LHB Steve Nevis
|
0-0: Foul Ball, location: 2F 0-1: Ball 1-1: Ball 2-1: Ground out 5-3 (Groundball, 56, EV 87.5 MPH)
|
| Top of the 5th over - 0 runs, 1 hit, 0 errors, 1 left on base; Kelowna 2 - Victoria 5 |
| BOTTOM OF THE 5TH |
|
Victoria Capitals batting - Pitching for Kelowna Heat : RHP Pat Wiggins
|
|
Batting: RHB Heihachiro Fujita
|
0-0: Called Strike 0-1: Ball 1-1: Called Strike 1-2: Strikes out swinging
|
|
Pitching: RHP Rory Bornt
|
|
|
Batting: RHB Tomokazu Sugimoto
|
0-0: Ball 1-0: Called Strike 1-1: Foul Ball, location: 2F 1-2: Foul Ball, location: 2F 1-2: Strikes out swinging
|
|
Batting: RHB Victor Rosas
|
0-0: SINGLE (Groundball, 56D, EV 95.6 MPH)
|
|
Batting: LHB Taki Matsui
|
0-0: Ball Passed Ball! Victor Rosas to second 1-0: Foul Ball, location: 2F 1-1: Ball 2-1: 2-RUN HOME RUN (Flyball, 78XD, EV 100.6 MPH), Distance : 424 ft
|
|
Batting: SHB Carlos Luna
|
0-0: Foul Ball, location: 2F 0-1: Foul Ball, location: 2F 0-2: Foul Ball, location: 2F 0-2: Strikes out swinging
|
| Bottom of the 5th over - 2 runs, 2 hits, 0 errors, 0 left on base; Kelowna 2 - Victoria 7 |
| TOP OF THE 6TH |
|
Kelowna Heat batting - Pitching for Victoria Capitals : RHP Jose Acevedo
|
|
Batting: RHB Billy Pranger
|
0-0: Ball 1-0: Foul Ball, location: 2F 1-1: Swinging Strike 1-2: Foul Ball, location: 2F 1-2: Foul Ball, location: 2F 1-2: Ball 2-2: Foul Ball, location: 2F 2-2: Strikes out looking
|
|
Batting: LHB Takaaki Nishimoto
|
0-0: Swinging Strike 0-1: Called Strike 0-2: Strikes out swinging
|
|
Batting: RHB Miguel Gonzalez
|
0-0: Called Strike 0-1: Swinging Strike 0-2: Strikes out swinging
|
| Top of the 6th over - 0 runs, 0 hits, 0 errors, 0 left on base; Kelowna 2 - Victoria 7 |
| BOTTOM OF THE 6TH |
|
Victoria Capitals batting - Pitching for Kelowna Heat : RHP Rory Bornt
|
|
Batting: RHB Nick Edmunds
|
0-0: Foul Ball, location: 2F 0-1: Ball 1-1: Swinging Strike 1-2: Ball 2-2: Foul Ball, location: 2F 2-2: Foul Ball, location: 2F 2-2: Foul Ball, location: 2F 2-2: Foul Ball, location: 2F 2-2: Foul Ball, location: 2F 2-2: Fly out, F9 (Line Drive, 9, EV 84.4 MPH)
|
|
Batting: SHB Ray Skogen
|
0-0: Called Strike 0-1: Called Strike 0-2: Strikes out swinging
|
|
Batting: RHB David Greene
|
0-0: Ground out 1-3 (Groundball, 13S, EV 70.6 MPH)
|
| Bottom of the 6th over - 0 runs, 0 hits, 0 errors, 0 left on base; Kelowna 2 - Victoria 7 |
| TOP OF THE 7TH |
|
Kelowna Heat batting - Pitching for Victoria Capitals : RHP Jose Acevedo
|
|
Batting: RHB Dave Putnam
|
0-0: Foul Ball, location: 2F 0-1: Called Strike 0-2: Ball 1-2: Strikes out swinging
|
|
Batting: RHB Ryan Bentz
|
0-0: Called Strike 0-1: Ground out 6-3 (Groundball, 4MS, EV 83.1 MPH)
|
|
Batting: RHB Sadataka Kuwahara
|
0-0: Called Strike 0-1: Foul Ball, location: 2F 0-2: Strikes out looking
|
| Top of the 7th over - 0 runs, 0 hits, 0 errors, 0 left on base; Kelowna 2 - Victoria 7 |
| BOTTOM OF THE 7TH |
|
Victoria Capitals batting - Pitching for Kelowna Heat : RHP Rory Bornt
|
|
Batting: RHB Jesus Santiago
|
0-0: Called Strike 0-1: Swinging Strike 0-2: Strikes out swinging
|
|
Pitching: RHP Jonathan Simi
|
|
|
Batting: RHB Heihachiro Fujita
|
0-0: Ball 1-0: Ball 2-0: Called Strike 2-1: Called Strike 2-2: Ball 3-2: Strikes out swinging
|
|
Batting: RHB Tomokazu Sugimoto
|
0-0: Ball 1-0: DOUBLE (Line Drive, 89D, EV 110.6 MPH)
|
|
Batting: RHB Victor Rosas
|
0-0: Swinging Strike 0-1: SINGLE (Groundball, 56S, EV 63.1 MPH) (infield hit) Tomokazu Sugimoto to third
|
|
Batting: LHB Taki Matsui
|
0-0: Ball 1-0: Ball 2-0: Ball 3-0: Base on Balls Victor Rosas to second
|
|
Batting: SHB Carlos Luna
|
0-0: Ball 1-0: Called Strike 1-1: DOUBLE (Line Drive, 8RD, EV 95.6 MPH) Tomokazu Sugimoto scores Victor Rosas scores Taki Matsui to third
|
|
Batting: RHB Nick Edmunds
|
0-0: Ball Passed Ball! Taki Matsui scores Carlos Luna to third 1-0: Ball 2-0: Ball Wild Pitch! Carlos Luna scores 3-0: Called Strike 3-1: Called Strike 3-2: Foul Ball, location: 2F 3-2: Strikes out looking
|
| Bottom of the 7th over - 4 runs, 3 hits, 0 errors, 0 left on base; Kelowna 2 - Victoria 11 |
| TOP OF THE 8TH |
|
Kelowna Heat batting - Pitching for Victoria Capitals : RHP Jose Acevedo
|
|
Batting: LHB Kevin Kantor
|
0-0: Swinging Strike 0-1: Ball 1-1: Ball 2-1: Foul Ball, location: 2F 2-2: Ball 3-2: Foul Ball, location: 2F 3-2: Foul Ball, location: 2F 3-2: Base on Balls
|
|
Batting: LHB J.P. Olson
|
0-0: Foul Ball, location: 2F 0-1: Ball 1-1: Foul Ball, location: 2F 1-2: Foul Ball, location: 2F 1-2: Foul Ball, location: 2F 1-2: Ball 2-2: Ball 3-2: Grounds into double play, 4-6-3 (Groundball, 4, EV 101.3 MPH)
|
|
Batting: LHB Steve Nevis
|
0-0: Swinging Strike 0-1: Ball 1-1: Foul Ball, location: 2F 1-2: Fly out, F7 (Flyball, 7LS, EV 90.6 MPH)
|
| Top of the 8th over - 0 runs, 0 hits, 0 errors, 0 left on base; Kelowna 2 - Victoria 11 |
| BOTTOM OF THE 8TH |
|
Victoria Capitals batting - Pitching for Kelowna Heat : RHP Jonathan Simi
|
|
Pitching: LHP Jimmy Heinecke
|
|
|
Batting: SHB Ray Skogen
|
0-0: Called Strike 0-1: Ball 1-1: Called Strike 1-2: Ball 2-2: Ball 3-2: Strikes out swinging
|
|
Batting: RHB David Greene
|
0-0: Called Strike 0-1: Foul Ball, location: 2F 0-2: Ball 1-2: Ground out U3 (Groundball, 3, EV 91.9 MPH)
|
|
Batting: RHB Jesus Santiago
|
0-0: Ball 1-0: Foul Ball, location: 2F 1-1: Swinging Strike 1-2: SOLO HOME RUN (Flyball, 9LD, EV 93.1 MPH), Distance : 354 ft
|
|
Batting: RHB Heihachiro Fujita
|
0-0: Ball 1-0: Ball 2-0: Ball 3-0: Called Strike 3-1: Foul Ball, location: 2F 3-2: Foul Ball, location: 2F 3-2: Strikes out swinging
|
| Bottom of the 8th over - 1 run, 1 hit, 0 errors, 0 left on base; Kelowna 2 - Victoria 12 |
| TOP OF THE 9TH |
|
Kelowna Heat batting - Pitching for Victoria Capitals : RHP Jose Acevedo
|
|
Batting: RHB Billy Pranger
|
0-0: Ball 1-0: Called Strike 1-1: Foul Ball, location: 2F 1-2: Strikes out swinging
|
|
Pitching: LHP Ben Burton
|
|
|
Batting: LHB Takaaki Nishimoto
|
0-0: Ball 1-0: Foul Ball, location: 2F 1-1: Foul Ball, location: 2F 1-2: Foul Ball, location: 2F 1-2: Ball 2-2: Foul Ball, location: 2F 2-2: Ground out 3-1 (Groundball, 34, EV 88.1 MPH)
|
|
Batting: RHB Miguel Gonzalez
|
0-0: Foul Ball, location: 2F 0-1: Swinging Strike 0-2: Foul Ball, location: 2F 0-2: Foul Ball, location: 2F 0-2: Ball 1-2: Ball 2-2: Strikes out swinging
|
| Top of the 9th over - 0 runs, 0 hits, 0 errors, 0 left on base; Kelowna 2 - Victoria 12 |
|